 Dungeon Crawl Stone Soup version 0.19-a0-1834-g6b7851e (webtiles) character file.

623 poirepourri the Sneak (level 7, -4/33 HPs)
             Began as a Spriggan Enchanter on Oct 8, 2016.
             Killed by divine providence
             ... invoked by an orc priest
              (13 damage)
             ... on level 4 of the Dungeon.
             The game lasted 00:08:09 (3765 turns).

poirepourri the Sneak (Spriggan Enchanter)          Turns: 3765, Time: 00:08:10

Health: -4/33      AC:  5    Str:  4    XL:     7   Next: 22%
Magic:  23/23      EV: 21    Int: 16    God:
Gold:   162        SH:  0    Dex: 19    Spells: 3 memorised, 8 levels left

rFire  . . .     SeeInvis +     i - +1 dagger (venom)
rCold  . . .     Gourm    .     b - +1 robe
rNeg   . . .     Faith    .     (shield restricted)
rPois  .         Spirit   .     (helmet restricted)
rElec  .         Dismiss  .     r - +1 cloak
rCorr  .         Reflect  .     (gloves unavailable)
MR     +....     Harm     .     (boots unavailable)
Stlth  ++++......               (no amulet)
                                f - ring of magical power
                                p - ring of flight

@: very quick
A: unfitting armour, see invisible, herbivore 3, speed 3, slow metabolism 2
a: Evoke Flight


You were on level 4 of the Dungeon.
You were not hungry.

You visited 1 branch of the dungeon, and saw 4 of its levels.

You collected 162 gold pieces.

Inventory:

Hand Weapons
 i - a +1 dagger of venom (weapon)
Armour
 b - a +1 robe (worn)
 r - a +1 cloak (worn)
Jewellery
 f - a ring of magical power (right hand)
 p - a ring of flight (left hand)
Wands
 e - a wand of random effects (30/48)
 q - a wand of teleportation (2/9)
 s - a wand of flame (20/48)
Scrolls
 a - 2 scrolls of teleportation
 k - a scroll of remove curse
 m - a scroll of enchant armour
 t - a scroll of magic mapping
Potions
 h - 2 potions of might
 j - a potion of cancellation
 l - a potion of heal wounds
 n - 4 potions of flight
 o - 3 potions of curing
 u - a potion of resistance {unknown}
Books
 c - a book of Maledictions

   Spells                             Type                      Level
   a - Corona                         Hexes                        1
   b - Ensorcelled Hibernation        Hexes/Ice                    2
   c - Confuse                        Hexes                        3
   d - Tukima's Dance                 Hexes                        3
   e - Dazzling Spray                 Conjuration/Hexes            3
Comestibles
 d - 2 bread rations


   Skills:
 + Level 1.0 Fighting
 + Level 3.0 Short Blades
 + Level 5.1 Dodging
 + Level 7.3 Stealth
 + Level 4.4 Spellcasting
 + Level 5.2 Hexes
 + Level 2.2 Ice Magic


You had 8 spell levels left.
You knew the following spells:

 Your Spells              Type           Power        Failure   Level  Hunger
a - Corona                Hex            ###....      1%          1    None
b - Ensorcelled Hibernat  Hex/Ice        ###...       8%          2    ##.....
c - Confuse               Hex            ###.....     8%          3    ###....


Dungeon Overview and Level Annotations

Branches:
Dungeon (4/15)             Temple (0/1) D:4

Altars:
Okawaru
Yredelemnul


Innate Abilities, Weirdness & Mutations

You are very small and have problems with some larger weapons.
You are too small for most types of armour.
You have supernaturally acute eyesight. (SInv)
You are a herbivore.
You cover ground extremely quickly.
You need consume almost no food.


Message History

You hit the orc but do no damage.
The orc is moderately wounded.
The orc barely misses you.
You hit the orc.
The orc is severely wounded.
You kill the orc!
The orc priest mumbles some strange prayers to Beogh against you.
Beogh smites you!
You closely miss the orc.
The orc is lightly wounded.
The orc misses you.
There is an open door here.
You kill the orc!
The orc priest invokes the aid of Beogh against you.
Beogh smites you!
* * * LOW HITPOINT WARNING * * *
You hit the orc but do no damage.
The orc is poisoned.
The orc misses you.
The orc priest invokes the aid of Beogh against you.
Beogh smites you!
You die...

########## # #........# #
#........# ######## ## #........#
#..(.... .# #.......(# #.......
.# #........# #.......
.#############...(....####.......
..(.............@oo)o.'()oo......
...######.####......o.####.......
...# #.# ########## #....... ...#
#.# ######## ...## #.# ....# #.#
....## #.# ###..# #.# ##.# #.#


You could see an orc priest and 3 orcs.

Vanquished Creatures
  Sigmund (D:3)
  Menkaure (D:4)
  A howler monkey (D:4)
  A hound (D:4)
  An orc priest (D:3)
  An orc wizard (D:3)
  Ijyb (D:3)
  2 worker ants (D:4)
  6 adders
  4 oozes
  3 worms
  A dart slug (D:1)
  3 leopard geckos
  6 orcs
  7 giant cockroaches
  12 goblins
  8 hobgoblins
  3 jackals (D:1)
  5 kobolds
  2 quokkas (D:2)
  7 bats
  6 frilled lizards
  7 rats
89 creatures vanquished.

Notes
Turn   | Place    | Note
-------+----------+-------------------------------------------
     0 | D:1      | poirepourri the Spriggan Enchanter began the quest for the Orb.
     0 | D:1      | Reached XP level 1. HP: 9/9 MP: 5/5
   305 | D:1      | Reached XP level 2. HP: 13/13 MP: 6/6
   371 | D:1      | Learned a level 2 spell: Ensorcelled Hibernation
   549 | D:1      | Reached skill level 5 in Stealth
   835 | D:2      | Reached XP level 3. HP: 16/16 MP: 5/8
  1019 | D:2      | Learned a level 3 spell: Confuse
  1293 | D:2      | Reached XP level 4. HP: 14/21 MP: 0/9
  1539 | D:2      | Found an iron altar of Okawaru.
  2106 | D:3      | Found a faded altar of an unknown god.
  2141 | D:3      | Noticed Ijyb
  2183 | D:3      | Killed Ijyb
  2183 | D:3      | Reached XP level 5. HP: 24/25 MP: 0/11
  2197 | D:3      | Found a basalt altar of Yredelemnul.
  2248 | D:3      | Noticed Sigmund
  2294 | D:3      | Killed Sigmund
  2294 | D:3      | Reached skill level 6 in Stealth
  2294 | D:3      | Reached skill level 1 in Ice Magic
  2294 | D:3      | Reached XP level 6. HP: 16/29 MP: 1/13
  3712 | D:4      | Noticed Menkaure
  3714 | D:4      | Killed Menkaure
  3714 | D:4      | Reached skill level 1 in Fighting
  3714 | D:4      | Reached skill level 5 in Dodging
  3714 | D:4      | Reached skill level 7 in Stealth
  3714 | D:4      | Reached skill level 5 in Hexes
  3714 | D:4      | Reached XP level 7. HP: 33/33 MP: 14/14
  3716 | D:4      | Found a staircase to the Ecumenical Temple.
  3765 | D:4      | Killed from afar by an orc priest

Vault maps used:
D:1:      dpeg_arrival_signposts
D:2:      okawaru_gym_becter
D:3:      kennysheep_the_goblin_king, nicolae_overflow_hidden_temple,
          ecumenical_altar_1, uniq_sigmund
D:4:      demons_altar, first_bread, nrook_mini_vaults, grunt_ministairs_6,
          uniq_menkaure

Skill      XL: |  1  2  3  4  5  6 |
---------------+-------------------+-----
Hexes          | 4 5 |  5.2
Stealth        | 5 6 7 |  7.3
Spellcasting   | 3 4 |  4.4
Dodging        | 4 5 |  5.1
Short Blades   | 2 3 |  3.0
Ice Magic      | 1 2 |  2.2
Fighting       | 1 |  1.0

Action                   |  1- 3 |  4- 6 |  7- 9 || total
-------------------------+-------+-------+-------++-------
Melee: Dagger            |   128 |   171 |    16 ||   315
 Cast: Corona            |     3 |       |       ||     3
       Ensorcelled Hiber |    15 |    30 |       ||    45
  Use: Scroll            |     8 |     5 |       ||    13
       Potion            |     1 |     1 |       ||     2
 Stab: Sleeping          |    14 |    22 |       ||    36
  Eat: Bread ration      |       |     1 |       ||     1
Armor: Robe              |    16 |    15 |       ||    31
Dodge: Dodged            |   123 |   149 |    14 ||   286
